Get step-by-step instructions on how to execute this build order below. Start the game timer, and the build order will tick by so you can play in parallel with StarCraft on a second screen or mobile device.

Game Time

  0:00

Last Step

  N/A

Next Step

Upcoming Step



Don't want to look back and forth between 2 screens? Try out our Overwolf App, the Spawning Tool Build Advisor to get an in-game overlay with this build!

Complete Build Order

  12  0:00  SCV  
  13  0:12  SCV  
  14  0:17  Supply Depot  
  14  0:24  SCV  
  15  0:38  SCV  
  15  0:40  Barracks  
  16  0:43  Refinery  
  16  0:50  SCV  
  17  1:02  SCV  
  18  1:15  SCV  
  19  1:27  Orbital Command, Reaper  
  20  1:39  Command Center  
  20  1:47  Supply Depot  
  20  1:53  SCV  
  21  1:59  Marine  
  22  2:05  SCV  
  23  2:12  Factory  
  23  2:17  SCV  
  23  2:20  Barracks Reactor  
  24  2:29  SCV  
  25  2:41  Command Center, SCV  
  26  2:50  Orbital Command  
  26  2:53  SCV  
  27  2:59  Starport  
  27  3:03  Refinery  
  27  3:05  SCV  
  28  3:06  Hellion  
  28  3:11  Hellion  
  32  3:13  Barracks Tech Lab  
  32  3:17  SCV x2  
  34  3:28  Hellion  
  34  3:29  SCV  
  34  3:32  Hellion  
  34  3:33  SCV  
  40  3:41  Viking, SCV  
  42  3:45  SCV  
  45  3:48  Cloaking Field  
  45  3:53  Hellion, SCV  
  45  3:54  Hellion  
  49  3:56  Orbital Command  
  49  3:59  Barracks Tech Lab, SCV  
  50  4:05  SCV  
  50  4:06  Supply Depot  
  51  4:11  SCV  
  51  4:13  Banshee  
  55  4:18  SCV  
  55  4:19  Hellion  
  55  4:21  Hellion  
  55  4:22  Marine  
  61  4:27  SCV x2  
  61  4:29  Supply Depot  
  61  4:30  SCV  
  64  4:33  Stimpack  
  64  4:39  SCV  
  64  4:40  Marine  
  64  4:42  SCV  
  64  4:44  Orbital Command  
  67  4:49  Barracks  
  67  4:50  Barracks  
  67  4:52  Supply Depot, SCV  
  68  4:53  Factory Reactor  
  68  4:54  SCV  
  68  4:58  Marine  
  70  5:01  Refinery  
  70  5:02  Refinery, Engineering Bay  
  70  5:03  Engineering Bay  
  70  5:04  SCV  
  70  5:06  SCV  
  72  5:09  SCV  
  72  5:14  Starport Reactor  
  73  5:16  Marine, Supply Depot, SCV  
  73  5:20  SCV  
  76  5:21  Barracks, SCV  
  76  5:23  Barracks  
  76  5:28  SCV  
  78  5:29  Terran Infantry Weapons Level 1, Terran Infantry Armor Level 1  
  78  5:32  SCV  
  78  5:33  SCV  
  80  5:40  SCV  
  80  5:42  Marine x2  
  82  5:43  Marine  
  82  5:44  SCV  
  82  5:46  SCV  
  86  5:51  Siege Tank  
  86  5:52  SCV  
  86  5:53  Marine x2  
  86  5:56  SCV  
  93  5:58  Supply Depot  
  93  6:00  Supply Depot  
  93  6:09  Barracks Reactor x2  
  93  6:10  SCV x2, Marine x4  
  93  6:11  SCV  
  100  6:14  Marine  
  100  6:15  Combat Shield  
  101  6:19  Medivac x2  
  101  6:23  SCV x3  
  101  6:25  Supply Depot x2  
  105  6:26  Refinery  
  105  6:28  Marine x4  
  105  6:30  Supply Depot  
  105  6:31  Siege Tank, Supply Depot  
  105  6:32  Marine  
  112  6:34  Supply Depot  
  113  6:46  Marine x8  
  121  6:49  Medivac x2  
  124  6:55  SCV  
  124  6:56  SCV x2  
  124  6:59  Marine  
  128  7:04  Marine x5  
  128  7:08  SCV x3  
  130  7:11  Marine x3  
  130  7:12  Siege Tank  
  129  7:17  Marine  
  129  7:21  Marine x3, Supply Depot  
  129  7:22  Marine x2  
  131  7:24  Armory  
  131  7:29  Marine x2  
  133  7:30  Marine  
  133  7:35  Marine  
  135  7:39  Marine x3  
  135  7:40  Marine x2  
  139  7:44  Siege Tank  
  139  7:45  Factory  
  139  7:47  Marine x3  
  135  7:53  Marine  
  135  7:57  Marine x3, Medivac x2  
  135  7:58  Marine x2  
  134  8:05  Marine x3  
  136  8:12  Terran Infantry Weapons Level 2, Terran Infantry Armor Level 2  
  137  8:14  Command Center  
  137  8:17  Marine x4  
  141  8:22  Marine x3  
  141  8:24  Marine x2  
  145  8:29  Siege Tank, Factory Tech Lab  
  148  8:34  Terran Vehicle Weapons Level 1  
  148  8:35  Marine x4  
  151  8:45  Marine  
  148  8:51  Marine x2  
  148  8:52  Marine x2  
  148  8:53  Siege Tank, Medivac, Marine x2  
  148  8:55  SCV x2  
  158  8:56  SCV  
  158  8:57  Refinery  
  158  9:01  Siege Tank, Medivac  
  162  9:03  Marine x3  
  162  9:08  Marine  
  162  9:09  Marine  
  164  9:11  Marine  
  164  9:16  Marine, Supply Depot x2  
  166  9:24  Barracks  
  166  9:25  Barracks x2, Siege Tank  
  166  9:30  SCV x2  
  166  9:31  SCV  
  172  9:37  Siege Tank  
  172  9:38  Marine x2  
  171  9:44  Marine x2  
  174  9:49  Marine  
  174  9:50  Marine x2  
  176  9:54  Sensor Tower  
  176  9:56  Sensor Tower  
  176  9:57  Siege Tank  
  163  10:02  Medivac x2  
  163  10:05  Planetary Fortress  
  165  10:09  Siege Tank, SCV  
  165  10:10  SCV x2  
  165  10:11  Marine x2  
  173  10:15  Marine x3  
  173  10:19  Marauder  
  173  10:20  Barracks Tech Lab x3, Marine x2  
  173  10:21  Marine  
  181  10:29  Siege Tank, Refinery  
  181  10:30  Marine x2  
  181  10:33  Marine x3  
  189  10:38  Marine  
  189  10:41  Siege Tank  
  193  10:46  Command Center  
  193  10:47  Command Center  
  185  10:59  Marauder  
  185  11:00  Marine x2, Concussive Shells, Marauder x2  
  185  11:04  Terran Infantry Weapons Level 3, Marine x2  
  166  11:12  Marine x2  
  166  11:14  Marine x3  
  163  11:18  Marine x2  
  163  11:25  Siege Tank x2  
  171  11:27  Medivac  
  171  11:28  Marine x5, Medivac  
  171  11:29  Marine  
  171  11:30  Marine  
  171  11:32  Marine x3  
  183  11:36  Marine x2  
  185  11:46  Marine  
  186  11:53  Marine x2  
  188  11:54  Marine x2  
  188  11:57  Siege Tank x2  
  188  11:58  Marine, Ghost Academy  
  188  11:59  Orbital Command, Marine, Refinery x2  
  188  12:00  Orbital Command  
  188  12:01  Marauder  
  200  12:04  Terran Vehicle Weapons Level 2  
  200  12:23  Terran Infantry Armor Level 3  
  197  12:31  Siege Tank  
  198  12:46  Siege Tank, Marine x4  
  198  12:47  Ghost x2, Marine x2  
  198  12:48  Marine x2  
  198  12:50  Medivac  
  198  12:51  Marine x2  
  158  13:02  Medivac  
  158  13:03  Siege Tank  
  158  13:04  Marine x5  
  158  13:05  Marine x2  
  160  13:06  Marine  
  160  13:08  Command Center  
  160  13:09  Marine x2  
  156  13:16  Marine x2  
  156  13:18  Siege Tank  
  161  13:22  Marine x6  
  161  13:23  Marine x2  
  165  13:35  Siege Tank, Ghost x4  
  165  13:39  Marine  
  165  13:40  Orbital Command, Marine x5  
  165  13:41  Marine x2, Refinery  
  182  13:43  Refinery  
  182  13:44  Medivac  
  182  13:47  Medivac  
  188  13:57  Marine  
  189  14:03  Ghost x3  
  189  14:04  Ghost  
  197  14:25  Orbital Command  
  197  14:27  Marine x3  
  197  14:28  Command Center  
  186  14:40  Ghost  
  186  14:41  Ghost  
  186  14:43  Siege Tank  
  186  14:45  Medivac x2  
  197  14:49  Siege Tank  
  178  15:09  Marine x3  
  178  15:10  Ghost x2  
  178  15:12  Ghost  
  165  15:14  Marauder  
  165  15:15  Siege Tank, Marine x2  
  165  15:18  Marine x3  
  171  15:21  Siege Tank  
  171  15:27  Marine x2  
  162  15:29  Marine  
  162  15:33  Marine x2  
  162  15:35  Marine, Marauder  
  162  15:36  Command Center, Marine x2  
  162  15:38  Ghost  
  162  15:39  Ghost  
  162  15:40  Medivac x2  
  162  15:42  Marauder  
  175  15:45  Marine x2  
  175  15:47  Siege Tank, Marine  
  181  15:51  Marine x2  
  181  15:53  Marine x3  
  181  15:57  Marauder  
  179  16:03  Marine x3  
  178  16:04  Siege Tank, Missile Turret, Marine  
  178  16:07  Marine x2  
  178  16:09  Marine  
  185  16:16  Planetary Fortress  
  185  16:18  Marauder  
  187  16:19  Siege Tank, Sensor Tower  
  190  16:30  Liberator x2  
  196  16:36  Siege Tank  
  199  16:41  Missile Turret  
  199  16:48  Marine  
  199  16:51  Orbital Command  
  199  16:53  Command Center  
  200  17:14  Marine x2  
  199  17:17  Marine  
  197  17:22  Marine  
  197  17:23  Marine  
  197  17:25  Marine  
  196  17:31  Marine  
  196  17:32  Marine